 Dungeon Crawl Stone Soup version 0.13-a0-2133-ge955d09 (webtiles) character file.

202465 markse the Executioner (level 19, -4/180 HPs)
             Began as a Hill Orc Berserker on June 27, 2013.
             Was an Elder of Trog.
             Killed by divine providence
             ... invoked by a smoke demon
             ... summoned by an orc sorcerer
             ... led by an orc knight
              (11 damage)
             ... on Level 24 of the Dungeon on June 28, 2013.
             The game lasted 06:43:12 (63298 turns).

markse the Executioner (Hill Orc Berserker)        Turns: 63298, Time: 06:43:13

HP  -4/180       AC 28     Str 30      XL: 19   Next: 52%
MP   9/9         EV  8     Int  8      God: Trog [****..]
Gold 1303        SH  0     Dex  5      Spells:  0 memorised, 18 levels left

Res.Fire  : + . .   See Invis. : .   a - +5,+3 battleaxe (antimagic)
Res.Cold  : . . .   Warding    : .   h - +4 plate armour "Skubloko" {+Fly rF+ Dex-5 Life Prot.: . . . Conserve : . (no shield)
Res.Poison: .       Res.Corr.  : .   V - +0 helmet
Res.Elec. : .       Clarity    : .   O - +1 cloak
Sust.Abil.: . .     Spirit.Shd : .   X - -2 pair of gloves
Res.Mut.  : .       Stasis     : .   B - -1 pair of boots
Res.Rott. : .       Flight     : .   s - amulet of the gourmand
Gourmand  : +                        l - ring of protection from magic
                                     I - ring "Sheoriocs" {MR++ Str+3 Dam+3}

@: very slow, extraordinarily resistant to hostile enchantments, extremely
unstealthy
A: sense surroundings 1, saprovore 1, slowness 2
a: Burn Spellbooks, Berserk, Trog's Hand, Brothers in Arms, Renounce Religion,
Evoke Flight


You were on level 24 of the Dungeon.
You worshipped Trog.
Trog was extremely pleased with you.
You were very full.

You visited 7 branches of the dungeon, and saw 47 of its levels.
You visited the Abyss 1 time.
You also visited: Sewer and Ice Cave.

You collected 3930 gold pieces.
You spent 2647 gold pieces at shops.

Inventory:

Hand weapons
 a - a +5,+3 anti-magic battleaxe (weapon)
 b - a +2 blowgun
Missiles
 g - a silver javelin (quivered)
 m - 7 steel javelins
 n - 30 poisoned needles
Armour
 h - the +4 plate armour "Skubloko" (worn) {+Fly rF+ Dex-5}
   (You bought it in a shop on level 23 of the Dungeon)

   It affects your dexterity (-5).
   It protects you from fire.
   It lets you fly.
 B - a -1 pair of boots (worn)
 O - a +1 cloak (worn)
 P - the +0 chain mail "Reteley" {rF+ MR++ Dam+6}
   (You found it on level 2 of the Shoals)

   It affects your damage-dealing abilities (+6).
   It protects you from fire.
   It affects your resistance to hostile enchantments.
 V - a +0 helmet (worn)
 X - a -2 pair of gloves (worn)
Magical devices
 o - a wand of cold (1)
 p - a wand of paralysis (6)
 q - a wand of fireball (3)
 w - a wand of frost (3)
 y - a wand of disintegration (2)
 z - a wand of teleportation (1)
 D - a wand of cold (7)
 G - a wand of draining (1)
 J - a wand of magic darts (10)
 M - a wand of digging (8)
 N - a wand of confusion (15)
 Q - a wand of slowing (3)
 R - a wand of hasting (2)
Comestibles
 c - 8 meat rations
 f - 2 bread rations
 i - 3 bananas
 E - a royal jelly
Scrolls
 t - 2 scrolls of fog
 v - 2 scrolls of identify
 x - a scroll of fear
 C - a scroll of silence
 H - 3 scrolls of teleportation
 K - a scroll of vorpalise weapon
 S - 5 scrolls of remove curse
Jewellery
 j - an uncursed ring of poison resistance
 l - a ring of protection from magic (right hand)
 s - an amulet of the gourmand (around neck)
 u - a +4 ring of protection
 I - the ring "Sheoriocs" (left hand) {MR++ Str+3 Dam+3}
   (You bought it in a shop on level 3 of the Shoals)

   [ring of strength]

   It affects your strength (+3).
   It affects your damage-dealing abilities (+3).
   It affects your resistance to hostile enchantments.
 U - an uncursed amulet of resist mutation
 W - an uncursed ring of flight
 Z - an uncursed amulet of guardian spirit
Potions
 d - a potion of flight
 k - a potion of cure mutation
 r - 4 potions of might
 A - 3 potions of berserk rage
 F - 6 potions of restore abilities
 L - a potion of heal wounds
 T - 6 potions of invisibility
 Y - 9 potions of curing


   Skills:
 - Level 20.1 Fighting
 - Level 21.5 Axes
   Level 6.1 Polearms
 + Level 13.4 Throwing
 * Level 18.9 Armour
 * Level 8.9 Dodging
 - Level 8.1 Traps
 - Level 8.4 Evocations


You had 18 spell levels left.
You didn't know any spells.

Dungeon Overview and Level Annotations

Branches:
Dungeon (24/27)            Temple (1/1) D:5             Orc (4/4) D:6
    Elf (2/3) Orc:3          Lair (8/8) D:12         Shoals (4/5) Lair:4
  Snake (4/5) Lair:4        Slime (0/6) Lair:7
 Vaults: D:15-20

Altars:
Elyvilon
Fedhas
Nemelex Xobeh
Okawaru
Sif Muna
Trog
the Shining One
Beogh
Jiyva

Shops:
D:11: } D:19: * D:21: +=?( D:23: !/[= Orc:4: *[=( Elf:2: ?* Shoals:3: = Snake:2: /

Portals:
Hell: D:21 D:22 D:23 D:24
Abyss: D:21 D:23
Pandemonium: D:22

Annotations
D:5 TZer0's ghost, experienced DjBe
D:11 1 exclusion
D:16 exclusion: brain worm
Lair:3 exclusion: oklob plant


Innate Abilities, Weirdness & Mutations

You can tolerate rotten meat.
You passively map a small area around you.
You cover ground very slowly.


Message History

* * * LOW HITPOINT WARNING * * *
The deep troll shaman claws you.
* * * LOW HITPOINT WARNING * * *
Drink which item? (? for menu, Esc to quit)
You feel much better. The orc warrior barely misses you.
The deep troll shaman bites you!
* * * LOW HITPOINT WARNING * * *
The deep troll shaman claws you!
* * * LOW HITPOINT WARNING * * *
The deep troll shaman claws you but does no damage.
The orange demon stings you but does no damage.
The deep troll shaman bites you!
* * * LOW HITPOINT WARNING * * *
The deep troll shaman claws you!
* * * LOW HITPOINT WARNING * * *
The deep troll shaman claws you.
* * * LOW HITPOINT WARNING * * *
The smoke demon gestures at you. Something smites you!
You die...

* * #.#.....## ,
#.####.#.)....####.**
*....................
..................... *
.....##....T####..... *
..........)o........^. ,
*#######....#.4#........
, #...3o.T..^^.^.... *
#....#.@...^.^^.^^
#...##.............,
######.#^......^.^., *
######.##^..^..^...
##............^^....^ *
, ,............)........
* ###.........#.........
...(.......<.........
*##.........#######.# *


You could see an orange demon, 2 deep troll shamans, a smoke demon, an orc
warrior and an orc sorcerer.

Vanquished Creatures
  Saint Roka (Elf:2)
  Boris (D:21)
  Xtahua (D:21)
  Kirke (Elf:2)
  Rupert (Snake:4)
  Donald (Shoals:2)
  A frost giant (D:23)
  An orc warlord (Orc:3)
  The ghost of Bastard the Executioner, a powerful DDBe of Trog (Orc:4)
  2 stone giants (D:22)
  A greater naga (Snake:4)
  2 storm dragon zombies
  An ettin (D:23)
  A dragon (D:17)
  3 yaktaur captains
  A storm dragon skeleton (D:22)
  2 merfolk aquamancers
  Harold (D:16)
  Josephine (D:12)
  5 ogre magi
  A merfolk javelineer (Shoals:2)
  A ravenous feature mimic (D:22)
  2 anacondas
  A deep troll shaman (D:24)
  Nessos (Orc:3)
  2 sphinx zombies
  A deep troll earth mage (D:24)
  A fire giant zombie (D:22)
  3 catoblepae (Lair:8)
  7 death yaks (Lair:8)
  3 orc high priests (Orc:4)
  2 stone giant zombies
  A very ugly thing (D:22)
  A deep troll (D:23)
  A sun demon (Elf:1)
  6 hydras
  A soul eater (Orc:4)
  11 centaur warriors
  3 stone giant skeletons
  A shadow wraith (D:17)
  2 giant orange brains
  5 skeletal warriors (D:20)
  An iron troll (D:23)
  A wizard (D:17)
  10 orc knights
  A flayed ghost (D:23)
  7 deep elf knights
  14 naga warriors
  2 large abominations (Abyss:1)
  7 sea snakes
  An unseen horror (D:11)
  2 iron troll zombies
  9 hill giants
  A guardian serpent (Snake:2)
  10 harpies
  7 orc sorcerers
  2 wolf spiders
  An iron troll skeleton (D:22)
  A phantasmal warrior (D:17)
  5 griffons
  2 guardian serpents (shapeshifter)
  A fire crab (D:20)
  A griffon zombie (D:13)
  14 cyclopes
  25 black mambas
  2 sixfirhies
  An ettin zombie (D:20)
  2 dragon zombies
  An elephant slug (Lair:8)
  A stone giant simulacrum (D:22)
  A spiny worm zombie (D:16)
  6 elephants
  31 slime creatures
  A queen ant (Lair:2)
  2 feature mimics (D:11)
  An ice dragon skeleton (D:17)
  An orange demon (Orc:4)
  A hill giant zombie (D:12)
  2 griffon skeletons
  Psyche (Orc:2)
  8 spiny frogs
  6 yaktaurs
  A draconian (shapeshifter) (D:21)
  2 naga magi
  An iron devil (D:17)
  42 ugly things
  2 hill giant skeletons
  9 komodo dragons
  Sonja (Snake:1)
  An efreet (D:15)
  A smoke demon (Abyss:1)
  Prince Ribbit (D:6)
  A spriggan (shapeshifter) (D:13)
  10 two-headed ogres
  2 agate snail zombies
  15 polar bears (IceCv)
  9 blink frogs
  8 snapping turtles
  4 blue devils (Orc:4)
  5 trolls
  A raven (Lair:6)
  A deep troll skeleton (D:21)
  A grizzly bear (Lair:8)
  4 basilisks
  A vampire (D:20)
  A hog (shapeshifter) (D:19)
  2 shadows
  3 wraiths
  A jumping spider (shapeshifter) (D:20)
  A ynoxinul (Orc:4)
  4 fire drakes
  6 deep elf conjurers
  10 water elementals
  71 yaks
  33 merfolk
  10 hippogriffs
  3 trapdoor spiders
  8 sharks
  6 deep elf fighters
  Grum (D:8)
  2 redbacks
  A fire crab zombie (D:19)
  4 neqoxecs
  A yaktaur zombie (D:20)
  4 rock worms
  2 vampire mosquitoes (D:21)
  2 wyverns
  7 deep elf summoners
  Edmund (D:6)
  A boulder beetle (D:18)
  2 hungry ghosts
  11 manticores
  A rock worm (shapeshifter) (D:15)
  14 soldier ants
  Menkaure (D:6)
  A deep troll simulacrum (D:21)
  3 mottled dragons
  A yaktaur skeleton (D:15)
  A small abomination (Abyss:1)
  41 orc warriors
  3 cyclops skeletons
  2 freezing wraiths
  6 porcupines
  A komodo dragon skeleton (D:12)
  19 wolves
  A yak zombie (D:12)
  5 deep elf priests
  4 giant goldfish
  9 ice beasts
  2 tengu (D:14)
  A tengu (shapeshifter) (D:21)
  84 nagas
  A sky beast (D:8)
  13 centaurs
  5 phantoms
  4 black bears
  16 crocodiles
  23 ogres
  2 troll skeletons
  A yak skeleton (D:10)
  Sigmund (D:3)
  A big kobold (D:10)
  A boring beetle (Lair:7)
  7 wargs
  A rotting devil (Orc:4)
  11 giant slugs
  2 gnoll sergeants
  A hippogriff skeleton (D:13)
  A giant frog zombie (D:10)
  17 giant frogs
  8 deep elf magi
  25 water moccasins
  A soldier ant zombie (D:12)
  10 agate snails
  3 giant frog skeletons
  A basilisk zombie (D:15)
  An eye of draining (D:14)
  A manticore simulacrum (D:11)
  21 killer bees
  A hippogriff simulacrum (D:11)
  12 wights
  7 electric eels
  2 jellyfish (D:11)
  2 big kobold zombies
  2 mottled dragon zombies (D:16)
  A quasit (Orc:4)
  A yak simulacrum (D:12)
  35 orc priests
  A goliath beetle (D:9)
  A centaur simulacrum (D:12)
  8 crimson imps
  2 ogre skeletons
  A mottled dragon skeleton (D:12)
  4 big fish
  10 hounds
  A soldier ant simulacrum (D:11)
  3 orange rats (Lair:5)
  A hound skeleton (D:6)
  5 scorpions
  A jelly (D:10)
  10 iguanas
  4 deep elf soldiers
  36 orc wizards
  17 sheep
  11 mermaids
  40 worker ants
  A mummy (D:15)
  3 sirens
  34 green rats
  A scorpion zombie (D:7)
  45 adders
  14 gnolls
  8 giant centipedes
  2 white imps (D:11)
  6 giant mites
  7 worms
  11 ufetubi
  8 grey rats
  2 giant eyeballs
  A human zombie (Elf:2)
  191 orcs
  7 ball pythons
  11 giant cockroaches
  17 goblins
  20 hobgoblins
  18 jackals
  12 quokkas
  26 bats
  6 giant geckos
  A giant gecko skeleton (D:9)
  6 giant newts
  A giant newt skeleton (D:4)
  A giant spore (D:12)
  A goblin zombie (D:5)
  2 hobgoblin skeletons
  14 kobolds
  A kobold zombie (D:7)
  2 orc skeletons
  2 orc zombies
  A quokka zombie (D:6)
  40 rats
  A rat zombie (D:5)
  A ballistomycete (D:12)
  A bush (Lair:8)
  A crawling corpse (D:17)
  14 fungi
  2 plants
1741 creatures vanquished.

Vanquished Creatures (collateral kills)
  A titan (D:19)
  A sphinx (D:22)
  A frost giant (IceCv)
  3 stone giants (D:19)
  A dragon (D:22)
  4 hydras
  3 death yaks (Lair:8)
  An ogre mage (D:19)
  A merfolk impaler (Shoals:2)
  A centaur warrior (D:15)
  A stone giant zombie (D:19)
  2 stone giant skeletons
  A soul eater (D:17)
  A catoblepas (Lair:3)
  2 slime creatures
  A giant amoeba (D:18)
  An orc sorcerer (Elf:2)
  A spiny worm (D:21)
  4 elephants (Lair:2)
  A yaktaur (D:23)
  A naga mage (Snake:4)
  A smoke demon (D:17)
  A mermaid (Shoals:2)
  2 trolls (D:10)
  4 blink frogs (Lair:5)
  A shark (D:10)
  A hog (Elf:2)
  2 merfolk (Shoals:2)
  2 soldier ants (Lair:2)
  A boulder beetle (D:17)
  A deep elf priest (D:17)
  A wyvern skeleton (D:10)
  4 giant goldfish (D:10)
  A black bear (D:10)
  11 ogres (D:19)
  5 orc warriors
  5 centaurs (D:15)
  A boring beetle (Lair:5)
  A big kobold (D:19)
  A giant frog (D:10)
  An eye of draining (D:10)
  A rock worm simulacrum (D:11)
  2 electric eels (D:10)
  A goliath beetle (D:10)
  An ogre zombie (Elf:2)
  An orc priest (D:15)
  3 worker ants (Lair:2)
  2 orange rats (Lair:5)
  11 jellies
  2 adders
  2 worms
  8 orcs
  3 jackals
  6 kobolds
  A quokka (Lair:4)
  An orc skeleton (D:5)
  A rat (Lair:4)
  A crawling corpse (D:17)
  A fungus (Lair:3)
128 creatures vanquished.

Vanquished Creatures (others)
  2 deep trolls
  A stone giant skeleton (D:22)
  An iron troll (D:19)
  A necromancer (D:22)
  6 two-headed ogres
  A troll (Lair:2)
  A blink frog (Lair:4)
  A grizzly bear (Shoals:2)
  A deep elf conjurer (Elf:2)
  4 humans (Elf:2)
  8 ogres
  2 deep elf magi (Elf:1)
  A jellyfish (D:17)
  An orc priest (Elf:2)
  An orc wizard (Elf:2)
  A worker ant (Lair:2)
  A sheep (Lair:8)
  An adder (Snake:4)
  4 orcs
  A hobgoblin (Orc:3)
  2 jackals (Lair:3)
  3 goblins
  A rat (D:7)
  8 fungi
  3 plants
57 creatures vanquished.

Grand Total: 1926 creatures vanquished

Notes
Turn   | Place    | Note
--------------------------------------------------------------
     0 | D:1      | markse, the Hill Orc Berserker, began the quest for the Orb.
     0 | D:1      | Reached XP level 1. HP: 19/19 MP: 0/0
     1 | D:1      | Noticed a shark
   217 | D:1      | Reached XP level 2. HP: 24/27 MP: 1/1
   859 | D:2      | Reached XP level 3. HP: 4/33 MP: 2/2
  1149 | D:2      | Acquired Trog's second power
  1958 | D:3      | Reached XP level 4. HP: 40/40 MP: 3/3
  2164 | D:3      | Found a glowing golden altar of the Shining One.
  2170 | D:3      | Found a blossoming altar of Fedhas.
  2170 | D:3      | Found a white marble altar of Elyvilon.
  2427 | D:3      | Reached skill level 5 in Axes
  2690 | D:3      | Noticed Sigmund
  2692 | D:3      | Reached XP level 5. HP: 46/46 MP: 4/4
  2705 | D:3      | Killed Sigmund
  2705 | D:3      | Reached skill level 5 in Fighting
  2705 | D:3      | Reached XP level 6. HP: 24/53 MP: 5/5
  2887 | D:3      | Noticed an ogre
  2904 | D:3      | Killed an ogre
  2904 | D:3      | Reached skill level 6 in Axes
  3500 | D:4      | Reached XP level 7. HP: 61/61 MP: 6/6
  3658 | D:4      | Got a transparent leather armour
  3795 | D:4      | Reached skill level 7 in Axes
  3852 | D:4      | Acquired Trog's third power
  3854 | D:4      | Found a glowing drain.
  4027 | Sewer    | Entered a sewer
  4134 | Sewer    | Identified the +0 leather armour "Kufyaryp" {+Inv rElec rF++ Acc+3} (You found it on level 4 of the Dungeon)
  4763 | D:5      | Entered Level 5 of the Dungeon
  4953 | D:5      | Got a polished chain mail
  4961 | D:5      | Identified the cursed -2 chain mail "Myirete" {+Fly SInv} (You found it on level 5 of the Dungeon)
  4991 | D:5      | Noticed TZer0's ghost (experienced DjBe)
  5027 | D:6      | Noticed Prince Ribbit
  5043 | D:6      | Killed Prince Ribbit
  5043 | D:6      | Reached skill level 8 in Axes
  5043 | D:6      | Reached XP level 8. HP: 68/70 MP: 7/7
  5212 | D:6      | Noticed Edmund
  5225 | D:6      | Killed Edmund
  5785 | D:5      | Found a staircase to the Ecumenical Temple.
  5796 | Temple   | Entered the Ecumenical Temple
  6096 | D:5      | Reached skill level 5 in Armour
  6247 | D:6      | Found a staircase to the Orcish Mines.
  6254 | D:6      | Reached skill level 9 in Axes
  6493 | D:6      | Reached XP level 9. HP: 34/77 MP: 8/8
  6790 | D:6      | Noticed Menkaure
  6798 | D:6      | Killed Menkaure
  6798 | D:6      | Reached skill level 1 in Throwing
  6883 | D:6      | Paralysed by a giant eyeball for 3 turns
  6892 | D:6      | Paralysed by a giant eyeball for 2 turns
  6989 | D:6      | Reached skill level 1 in Traps
  9022 | D:8      | Reached skill level 10 in Axes
  9022 | D:8      | Reached XP level 10. HP: 74/86 MP: 9/9
  9073 | D:8      | Noticed Grum
  9093 | D:8      | Killed Grum
  9863 | D:9      | Found a flagged portal.
 10398 | D:9      | Reached skill level 10 in Fighting
 10423 | D:9      | Found a deep blue altar of Sif Muna.
 10491 | D:9      | Received a gift from Trog
 10720 | D:9      | Reached skill level 11 in Axes
 10720 | D:9      | Reached skill level 5 in Throwing
 10847 | D:10     | Entered Level 10 of the Dungeon
 11456 | D:10     | Reached XP level 11. HP: 77/95 MP: 10/10
 11942 | D:10     | Reached skill level 1 in Evocations
 12357 | D:11     | Found Uryeps' Gadget Shoppe.
 12813 | D:11     | HP: 3/96 [rock worm simulacrum (7)]
 13535 | D:11     | Reached skill level 12 in Axes
 13655 | D:11     | Noticed a four-headed hydra
 13669 | D:11     | Killed a four-headed hydra
 13778 | D:11     | Killed an unseen horror
 14963 | D:12     | Noticed Josephine
 15007 | D:12     | Killed Josephine
 15007 | D:12     | Reached skill level 5 in Evocations
 15101 | D:12     | Reached skill level 13 in Axes
 15270 | D:12     | Found a staircase to the Lair.
 16020 | D:12     | Reached skill level 10 in Armour
 16020 | D:12     | Reached XP level 12. HP: 96/106 MP: 21/21
 16066 | D:12     | Got a bloodstained cloak
 16067 | D:12     | Identified the cursed -5 cloak of the Cuttlefish {Dex-3} (You found it on level 12 of the Dungeon)
 16112 | D:12     | Paralysed by a giant eyeball for 3 turns
 16161 | Lair:1   | Entered Level 1 of the Lair of Beasts
 16162 | Lair:1   | Upgraded the game from 0.13-a0-2116-g5cefd36 to 0.13-a0-2133-ge955d09
 16635 | Lair:1   | Noticed a six-headed hydra
 18038 | Lair:2   | Gained mutation: You passively map a small area around you. [potion of mutation]
 18038 | Lair:2   | Gained mutation: You are frail (-10% HP). [potion of mutation]
 18038 | Lair:2   | Gained mutation: You cover ground slowly. [potion of mutation]
 18041 | Lair:2   | Paralysed by a potion of paralysis for 6 turns
 18048 | Lair:2   | Gained mutation: You cover ground very slowly. [potion of mutation]
 18048 | Lair:2   | Gained mutation: You are covered in fur (AC +1). [potion of mutation]
 18512 | Lair:2   | Reached skill level 14 in Axes
 19734 | Lair:2   | Paralysed by you for 3 turns
 19987 | Lair:3   | Noticed a catoblepas
 20022 | Lair:4   | Found a staircase to the Snake Pit.
 20427 | Lair:4   | Received a gift from Trog
 20991 | Lair:4   | Noticed a six-headed hydra
 20998 | Lair:4   | Killed a seven-headed hydra
 20998 | Lair:4   | Reached skill level 15 in Axes
 20998 | Lair:4   | Reached XP level 13. HP: 104/104 MP: 24/24
 21406 | Lair:4   | Found a staircase to the Shoals.
 21915 | Lair:3   | Killed a catoblepas
 22324 | Lair:5   | Reached XP level 12. HP: 69/99 MP: 23/23
 22363 | Lair:5   | Received a gift from Trog
 22740 | Lair:5   | Reached XP level 13. HP: 104/104 MP: 24/24
 24229 | Lair:6   | Received a gift from Trog
 24921 | Lair:7   | Received a gift from Trog
 24962 | Lair:7   | Reached skill level 16 in Axes
 25240 | Lair:7   | Found a frozen archway.
 25248 | IceCv    | Entered an ice cave
 25664 | IceCv    | Got a warped great sword
 25667 | IceCv    | Got a dazzling battleaxe
 25681 | IceCv    | Noticed a frost giant
 25686 | IceCv    | Reached skill level 15 in Fighting
 25720 | IceCv    | Killed a frost giant
 25750 | IceCv    | Identified the cursed -1,+0 battleaxe of Zucenane {vamp, rC++ Dex+1} (You found it in an ice cave)
 25751 | IceCv    | Identified the +4,+3 great sword of Blyudic {slice, Str+3 Stlth} (You found it in an ice cave)
 25802 | IceCv    | Reached skill level 1 in Polearms
 25864 | IceCv    | Reached skill level 5 in Polearms
 26373 | Lair:7   | Found a staircase to the Slime Pits.
 26373 | Lair:7   | Found a viscous altar of Jiyva.
 26633 | Lair:8   | Entered Level 8 of the Lair of Beasts
 26733 | Lair:8   | Received a gift from Trog
 27051 | Lair:8   | Reached XP level 14. HP: 112/114 MP: 25/25
 27256 | Lair:8   | Reached skill level 17 in Axes
 27833 | Lair:8   | Noticed a four-headed hydra
 27837 | Lair:8   | Killed a four-headed hydra
 28271 | Lair:1   | Killed a six-headed hydra
 28563 | Lair:1   | Reached skill level 10 in Throwing
 28589 | Lair:1   | Reached skill level 5 in Dodging
 28771 | D:12     | Noticed a hill giant
 28782 | D:12     | Killed a hill giant
 29101 | D:12     | Received a gift from Trog
 29337 | D:13     | Found a glowing golden altar of the Shining One.
 29645 | D:13     | Received a gift from Trog
 29830 | D:13     | Reached skill level 18 in Axes
 30165 | D:14     | Entered Level 14 of the Dungeon
 30446 | D:14     | Reached XP level 15. HP: 123/124 MP: 26/26
 30521 | D:14     | Reached XP level 14. HP: 113/117 MP: 25/25
 30826 | D:15     | Entered Level 15 of the Dungeon
 31017 | D:15     | Noticed a five-headed hydra
 31034 | D:15     | Killed a six-headed hydra
 31151 | D:15     | Reached skill level 15 in Armour
 31292 | D:15     | Reached XP level 15. HP: 105/124 MP: 26/26
 31678 | D:16     | Noticed Harold
 31688 | D:16     | Killed Harold
 32358 | D:17     | Received a gift from Trog
 32882 | Orc:1    | Entered Level 1 of the Orcish Mines
 33334 | Orc:2    | Received a gift from Trog
 33371 | Orc:2    | Found a roughly hewn altar of Beogh.
 33782 | Orc:3    | Found a staircase to the Elven Halls.
 33811 | Orc:3    | Received a gift from Trog
 33906 | Orc:4    | Entered Level 4 of the Orcish Mines
 33906 | Orc:4    | Noticed Bastard's ghost (powerful DDBe)
 33964 | Orc:2    | Noticed Psyche
 33970 | Orc:2    | Killed Psyche
 34023 | Orc:1    | Received a gift from Trog
 34186 | Orc:3    | Found an iron altar of Okawaru.
 34270 | Orc:3    | Received a gift from Trog
 34309 | Orc:4    | Noticed an orc warlord
 34718 | Snake:1  | Entered Level 1 of the Snake Pit
 34746 | Snake:1  | Received a gift from Trog
 36062 | D:17     | Reached skill level 19 in Axes
 36492 | D:18     | Received a gift from Trog
 36915 | D:18     | Reached XP level 16. HP: 134/134 MP: 27/27
 37349 | D:19     | Received a gift from Trog
 37378 | D:19     | Noticed a titan
 37393 | D:19     | Killed a titan
 37768 | D:19     | Found a blossoming altar of Fedhas.
 37808 | D:19     | Found Tikoveno's Assorted Antiques.
 37815 | D:19     | Bought a scroll of enchant weapon I for 220 gold pieces
 37815 | D:19     | Bought a scroll of identify for 80 gold pieces
 38215 | D:19     | Paralysed by an orc sorcerer for 2 turns
 38220 | D:19     | Received a gift from Trog
 38252 | D:19     | Reached skill level 20 in Axes
 38502 | D:20     | Entered Level 20 of the Dungeon
 39278 | D:20     | Cast into the Abyss (a Zot trap)
 39360 | D:20     | Escaped the Abyss
 39696 | D:20     | Reached XP level 17. HP: 144/144 MP: 24/28
 39727 | D:21     | Found Agaupt's Magic Scroll Emporium.
 39732 | D:21     | Bought a scroll of fog for 38 gold pieces
 39742 | D:21     | Found Chieqa's Weapon Shop.
 39808 | D:21     | Found Xuunkamn's Jewellery Shop.
 39808 | D:21     | Found a gateway to Hell.
 39841 | D:21     | Bought a cursed ring of poison resistance for 323 gold pieces
 39862 | D:21     | Noticed Xtahua
 39867 | D:21     | Killed Xtahua
 39926 | D:21     | Found Kism's Book Shoppe.
 39934 | D:21     | Received a gift from Trog
 39943 | D:21     | Reached skill level 5 in Traps
 40068 | D:21     | Noticed Boris
 40074 | D:21     | Killed Boris
 40243 | D:21     | Found a one-way gate to the infinite horrors of the Abyss.
 41229 | Snake:1  | Noticed Sonja
 41240 | Snake:1  | Killed Sonja
 42528 | Snake:2  | Received a gift from Trog
 42551 | Snake:2  | Got a vibrating golden ring
 42587 | Snake:2  | Identified the ring of Akhib {Hunger rF+} (You found it on level 2 of the Snake Pit)
 42588 | Snake:2  | Gained mutation: Your muscles are flexible, but weak (Str -1, Dex +1). [potion of beneficial mutation]
 42758 | Snake:2  | Received a gift from Trog
 43244 | Snake:2  | Found Awnud's Magical Wand Shoppe.
 43253 | Snake:2  | Bought a wand of hasting (2) for 396 gold pieces
 43805 | Snake:3  | Received a gift from Trog
 43911 | Snake:3  | Got a steaming iron ring
 43912 | Snake:3  | Identified the ring of Antuir {+/*Tele rElec} (You found it on level 3 of the Snake Pit)
 45317 | Snake:4  | Received a gift from Trog
 45344 | Snake:4  | Noticed Rupert
 45360 | Snake:4  | Killed Rupert
 46258 | Shoals:1 | Entered Level 1 of the Shoals
 46722 | Shoals:1 | Reached skill level 21 in Axes
 47068 | Shoals:1 | Reached XP level 18. HP: 153/153 MP: 9/29
 47659 | Shoals:2 | Noticed Donald
 47670 | Shoals:2 | Killed Donald
 48064 | Shoals:2 | Received a gift from Trog
 48174 | Shoals:2 | Got a slimy chain mail
 48182 | Shoals:2 | Identified the cursed +0 chain mail "Reteley" {rF+ MR++ Dam+6} (You found it on level 2 of the Shoals)
 49393 | Shoals:2 | Received a gift from Trog
 49554 | Shoals:3 | Found Maont's Jewellery Boutique.
 49563 | Shoals:3 | Bought the ring "Sheoriocs" {MR++ Str+3 Dam+3} for 519 gold pieces
 49965 | Shoals:3 | Identified a scroll of acquirement
 50786 | Shoals:1 | Received a gift from Trog
 51111 | Orc:3    | Killed an orc warlord
 51569 | Orc:4    | Found Puc Uhil's Antique Weapon Shoppe.
 51601 | Orc:4    | Found Plog's Jewellery Shop.
 51926 | Orc:4    | Received a gift from Trog
 52073 | Orc:4    | Found Bicravev's General Store.
 52142 | Orc:4    | Killed Bastard's ghost
 52245 | Orc:4    | Received a gift from Trog
 52641 | Orc:4    | Found Skaisij's Antique Armour Boutique.
 52752 | Orc:3    | Noticed Nessos
 52764 | Orc:3    | Killed Nessos
 52961 | Elf:1    | Entered Level 1 of the Elven Halls
 53098 | Elf:1    | Received a gift from Trog
 53370 | Elf:1    | Received a gift from Trog
 54317 | Elf:2    | Noticed Kirke
 54325 | Elf:2    | Killed Kirke
 54428 | Elf:2    | Noticed Saint Roka
 54440 | Elf:2    | Gained mutation: Your body is slowly deteriorating. [a neqoxec]
 54551 | Elf:2    | Found Wolobade's Magic Scroll Shop.
 54581 | Elf:2    | Bought a scroll of teleportation for 39 gold pieces
 54581 | Elf:2    | Bought a scroll of identify for 26 gold pieces
 54581 | Elf:2    | Bought a scroll of teleportation for 39 gold pieces
 54581 | Elf:2    | Bought a scroll of identify for 26 gold pieces
 54663 | Elf:2    | Found Iluvisoi's General Store.
 54975 | Elf:2    | Killed Saint Roka
 55796 | D:11     | Noticed a five-headed hydra
 55805 | D:11     | Killed a six-headed hydra
 57167 | D:22     | Reached XP level 19. HP: 160/162 MP: 9/29
 57517 | D:22     | Noticed a sphinx
 57522 | D:22     | Killed a sphinx
 57547 | D:22     | Found a one-way gate leading to the halls of Pandemonium.
 57952 | D:22     | Lost mutation: You are frail (-10% HP). [potion of cure mutation]
 57952 | D:22     | Lost mutation: Your muscles are flexible, but weak (Str -1, Dex +1). [potion of cure mutation]
 57952 | D:22     | Lost mutation: Your body is slowly deteriorating. [potion of cure mutation]
 57952 | D:22     | Lost mutation: You are covered in fur (AC +1). [potion of cure mutation]
 58361 | D:22     | Received a gift from Trog
 60383 | D:17     | Noticed an elemental wellspring
 60406 | D:17     | Noticed an elemental wellspring
 61060 | D:22     | Received a gift from Trog
 61448 | D:23     | Found Uzas Asu's Distillery.
 61457 | D:23     | Bought a potion of heal wounds for 45 gold pieces
 61660 | D:23     | Found Treur's Antique Armour Boutique.
 62100 | D:23     | Received a gift from Trog
 62245 | D:23     | Bought a faintly humming plate armour for 896 gold pieces
 62249 | D:23     | Identified the +4 plate armour "Skubloko" {+Fly rF+ Dex-5} (You bought it in a shop on level 23 of the Dungeon)
 62370 | D:23     | Found Ozemy's Magical Wand Emporium.
 62454 | D:23     | Received a gift from Trog
 62746 | D:23     | Found Nocioq's Jewellery Emporium.
 63072 | D:23     | Received a gift from Trog
 63298 | D:24     | HP: 7/180 [deep troll shaman (6)]
 63298 | D:24     | Killed from afar by a smoke demon

Action                   |  1- 3 |  4- 6 |  7- 9 | 10-12 | 13-15 | 16-18 | 19-21 || total
-------------------------+-------+-------+-------+-------+-------+-------+-------++-------
Melee: Hand axe          |   107 |   137 |   670 |  2016 |   612 |       |       ||  3542
       Dagger            |       |       |       |    12 |       |       |       ||    12
       Battleaxe         |       |       |       |       |   961 |  1401 |   322 ||  2684
 Fire: Blowgun           |       |       |     9 |    10 |       |       |     4 ||    23
Throw: Dagger            |       |       |       |     7 |       |       |       ||     7
       Dart              |       |       |       |     3 |       |       |       ||     3
       Javelin           |       |       |       |     2 |   108 |   160 |    53 ||   323
Invok: Berserk           |     2 |     5 |    10 |    27 |    18 |    28 |     4 ||    94
       Brothers in Arms  |       |       |     4 |    15 |    13 |    18 |     4 ||    54
       Burn Spellbooks   |       |       |       |     4 |     6 |     2 |       ||    12
       Trog's Hand       |       |       |       |     2 |     2 |     1 |     2 ||     7
 Abil: Evoke Flight      |       |       |       |       |       |       |     3 ||     3
Evoke: Wand              |       |       |     2 |    20 |     4 |     5 |     3 ||    34
  Use: Scroll            |       |       |     5 |    18 |    12 |    20 |     4 ||    59
       Potion            |       |       |     4 |    12 |     6 |    10 |     3 ||    35
